 Dungeon Crawl Stone Soup version 0.27-a0-1334-g2746e35aca (webtiles) character file.

Game seed: 8976157756811107432

1375 Delamore the Covert (level 8, -4/54 HPs)
             Began as an Octopode Brigand on June 26, 2021.
             Was an Initiate of Gozag.
             Shot with a bolt by an orc warrior (15 damage)
             ... in a bailey.
             The game lasted 00:06:43 (8000 turns).

Delamore the Covert (Octopode Brigand)              Turns: 8000, Time: 00:06:43

Health: -4/54      AC:  1    Str: 11    XL:     8   Next: 66%
Magic:  8/8        EV: 12    Int: 13    God:    Gozag
Gold:   339        SH:  0    Dex: 15    Spells: 7/7 levels left

rFire    . . .     SeeInvis +   f - +2 dagger (venom)
rCold    + . .     Faith    .   (no shield)
rNeg     . . .     Spirit   .   (helmet restricted)
rPois    .         Reflect  .   (no amulet)
rElec    .         Harm     .   k - ring of protection from cold
rCorr    .         Rampage  .   l - ring of see invisible
Will     .....                  (no ring)
Stlth    +++++.....             (no ring)
HPRegen  0.18/turn              (no ring)
MPRegen  0.11/turn              (no ring)
                                (no ring)
                                (no ring)

@: no status effects
A: almost no armour, amphibious, 8 rings, camouflage 1, gelatinous body 1,
(nimble swimmer 1), tentacles
a: Renounce Religion, Potion Petition, Call Merchant, Bribe Branch


You were in a bailey.
You worshipped Gozag.
Gozag was aware of your devotion.
You visited 2 branches of the dungeon, and saw 8 of its levels.
You also visited: Bailey.

You collected 489 gold pieces.
You paid 150 gold pieces to Gozag.

Inventory:

Hand Weapons
 a - a +2 dagger
 f - a +2 dagger of venom (weapon)
Missiles
 b - 32 poisoned darts (quivered)
 c - 2 curare-tipped darts
Jewellery
 i - a ring of fire
 k - a ring of protection from cold (left tentacle)
 l - a ring of see invisible (right tentacle)
Wands
 n - a wand of paralysis (5)
Scrolls
 g - 2 scrolls of teleportation
 j - a scroll of immolation
 o - a scroll of enchant armour
Potions
 d - 2 potions of heal wounds
 e - a potion of curing {unknown}
 h - a potion of might
 m - 2 potions of lignification
 p - a potion of brilliance {unknown}
 q - 2 potions of haste {unknown}


   Skills:
 + Level 4.9 Fighting
 * Level 6.8 Short Blades
 + Level 3.8 Throwing
 - Level 1.0 Dodging
 + Level 8.4 Stealth
 + Level 3.4 Evocations


You had 7 spell levels left.
You didn't know any spells.
Your spell library contained the following spells:

 Spells                   Type           Power      Damage    Failure   Level
 Apportation              Tloc           0%         N/A       30%         1
 Shock                    Conj/Air       0%         1d3       30%         1
 Summon Small Mammal      Summ           0%         N/A       30%         1
 Call Imp                 Summ           0%         N/A       43%         2
 Static Discharge         Conj/Air       0%         N/A       43%         2
 Call Canine Familiar     Summ           0%         N/A       67%         3
 Lesser Beckoning         Tloc           0%         N/A       67%         3
 Summon Guardian Golem    Hex/Summ       0%         N/A       67%         3
 Swiftness                Air            0%         N/A       67%         3
 Tukima's Dance           Hex            0%         N/A       67%         3
 Airstrike                Air            0%         N/A       97%         4
 Summon Ice Beast         Ice/Summ       0%         N/A       97%         4
 Summon Lightning Spire   Summ/Air       0%         N/A       97%         4
 Alistair's Intoxication  Tmut/Pois      0%         N/A       100%        5
 Lightning Bolt           Conj/Air       0%         1d11      100%        5
 Invisibility             Hex            0%         N/A       100%        6


Dungeon Overview and Level Annotations

Branches:
Dungeon (7/15)             Temple (1/1) D:7          Bailey (1/1)

Altars:
Ashenzari
Cheibriados
Dithmenos
Elyvilon
Fedhas
Gozag
Hepliaklqana
Kikubaaqudgha
Makhleb
Nemelex Xobeh
Okawaru
Sif Muna
Trog
Uskayaw
Vehumet
Wu Jian
Xom
Yredelemnul
Zin
The Shining One

Shops:
D:5 ([[[


Innate Abilities, Weirdness & Mutations

You cannot wear most types of armour.
You are amphibious.
You can wear up to eight rings at the same time.
Your skin changes colour to match your surroundings (Stealth+).
Your rubbery body absorbs attacks. (AC +1, EV +1)
((You are camouflaged near water. (Stealth+)))
You have tentacles for arms and can constrict up to eight enemies at once.


Message History

You constrict the orc, but do no damage.
You hit the orc but do no damage.
The orc is poisoned.
You squeeze the orc, but do no damage.
The orc is severely wounded.
You constrict the orc, but do no damage.
The orc barely misses you.
You hit the orc.
The orc is severely wounded.
You constrict the orc.
You kill the orc!
You start resting.
HP restored.
You now have 339 gold pieces (gained 7).
Things that are here:
a +0 arbalest; 19 bolts; a +0 ring mail An orc comes into view.
It is wielding a +0 arbalest.
An orc warrior comes into view. It is wielding a +0 arbalest.
The orc warrior shouts!
You hit the orc warrior but do no damage.
The orc warrior is poisoned.
Your grab misses the orc warrior.
The orc shouts!
The orc warrior shouts!
You hear a shout!
The orc warrior unwields a +0 arbalest.
The orc warrior hits you.
The orc shoots a bolt.
The bolt hits you!
The orc warrior shoots a bolt.
The bolt hits you!!
You hear a shout!
You hit the orc warrior but do no damage.
The orc warrior looks as sick as possible!
Your grab misses the orc warrior. Your squeeze misses the orc warrior.
You hit the orc warrior but do no damage.
The orc warrior looks as sick as possible!
Your grab misses the orc warrior.
The orc warrior is lightly wounded.
The orc warrior closely misses you.
The orc shoots a bolt.
The bolt closely misses you.
The orc warrior shoots a bolt.
The bolt hits you!
* * * LOW HITPOINT WARNING * * *
You feel much better.
The orc shoots a bolt.
The bolt hits you!
* * * LOW HITPOINT WARNING * * *
The orc warrior shoots a bolt.
The bolt hits you!
You die...
Your body crumbles into a pile of gold.

............≈#∩.#
o≈...............≈..^.
#.##≈...............≈##.#
#o#≈≈...............≈≈#.#
≈≈≈≈.................≈≈≈≈
.........................
.........................
........o................
........@................
.........................
.........................
#########################


You could see 2 orc warriors and an orc.

Vanquished Creatures
  A water moccasin (D:4)
  A sky beast (D:7)
  An ice beast (D:6)
  A necrophage (D:5)
  2 ogres
  2 bullfrogs (D:7)
  2 scorpions
  A wyvern zombie (D:7)
  A water moccasin skeleton (D:4)
  A bullfrog skeleton (D:6)
  A gnoll shaman (D:6)
  2 orc priests (D:4)
  2 hounds (D:5)
  3 iguanas (D:5)
  7 gnolls (D:6)
  5 adders
  2 worms
  13 orcs
  6 ball pythons
  9 endoplasms
  4 goblins
  3 hobgoblins
  18 jackals
  2 quokkas
  4 bats
  2 frilled lizards (D:1)
  8 kobolds
  6 rats
110 creatures vanquished.

Notes
Turn   | Place    | Note
-------+----------+-------------------------------------------
     0 | D:1      | Delamore the Octopode Brigand began the quest for the Orb.
     0 | D:1      | Reached XP level 1. HP: 14/14 MP: 1/1
   343 | D:1      | Reached XP level 2. HP: 18/19 MP: 2/2
   779 | D:2      | Reached XP level 3. HP: 19/25 MP: 3/3
  1178 | D:2      | Reached XP level 4. HP: 26/30 MP: 4/4
  1224 | D:2      | Reached skill level 6 in Stealth
  1374 | D:2      | Found a faded altar of an unknown god.
  2619 | D:4      | Reached XP level 5. HP: 30/36 MP: 5/5
  2741 | D:4      | Noticed an ogre
  2748 | D:4      | Killed an ogre
  2749 | D:4      | Reached XP level 6. HP: 42/42 MP: 6/6
  3217 | D:4      | Reached skill level 7 in Stealth
  3475 | D:4      | Noticed a water moccasin
  3484 | D:4      | Killed a water moccasin
  3485 | D:4      | Reached skill level 5 in Short Blades
  3485 | D:4      | Reached skill level 1 in Evocations
  3485 | D:4      | Reached XP level 7. HP: 24/47 MP: 7/7
  3983 | D:5      | Entered Level 5 of the Dungeon
  4683 | D:5      | HP: 2/48 [poisoned by a scorpion]
  5064 | D:5      | Found Fovvups's Antique Armour Shop.
  5066 | D:5      | Found Xirus's Armour Shop.
  5067 | D:5      | Found Mudghie's Armour Shop.
  5068 | D:5      | Found Giwuphic's Antique Weapon Shop.
  5339 | D:5      | Found a snail-covered altar of Cheibriados.
  5456 | D:5      | Reached XP level 8. HP: 47/54 MP: 8/8
  6093 | D:6      | Found a burning altar of Makhleb.
  6407 | D:6      | Reached skill level 8 in Stealth
  6736 | D:6      | Found an ancient bone altar of Kikubaaqudgha.
  7053 | D:6      | Found a shimmering blue altar of Sif Muna.
  7069 | D:6      | Found a blossoming altar of Fedhas.
  7174 | D:7      | Found a staircase to the Ecumenical Temple.
  7189 | Temple   | Entered the Ecumenical Temple
  7399 | Temple   | Became a worshipper of Gozag Ym Sagoz the Greedy
  7439 | D:7      | Found a flagged portal.
  7748 | Bailey   | Entered a bailey
  7998 | Bailey   | HP: 2/54 [orc warrior/bolt (17)]
  8000 | Bailey   | Shot with a bolt by an orc warrior

Illustrated notes

Levels and vault maps discovered:
D:1:      kilobyte_arrival_exit_the_forest, layout_basic
D:2:      layout_basic, ebering_ecumenical_altar_webs
D:3:      layout_basic
D:4:      layout_loops_ring
D:5:      layout_basic, nicolae_overflow_hidden_temple, minmay_shop_grid_forest
D:6:      layout_basic, nicolae_overflow_quartered_altars
D:7:      layout_loops_corners, lemuel_tele_altar, minmay_temple_entry_trees,
          enter_bailey_6, chequers_serial_rivers_micro_c, dk_rats_in_the_wall,
          uniq_joseph, uniq_pikel
Temple:   regret_index_temple_generic_petals
Bailey:   bailey_polearm_2, bailey

Skill      XL: |  1  2  3  4  5  6  7  8 |
---------------+-------------------------+-----
Short Blades   | 3 4 5 6 |  6.8
Stealth        | 6 7 8 |  8.4
Fighting       | 3 4 |  4.9
Evocations     | 1 2 3 |  3.4
Throwing       | 3 |  3.8
Dodging        | |  1.0

Action                   |  1- 3 |  4- 6 |  7- 9 || total
-------------------------+-------+-------+-------++-------
Melee: Dagger            |    46 |    83 |   145 ||   274
       Constrict         |     8 |    22 |    22 ||    52
       Tentacles         |     4 |    12 |    28 ||    44
Throw: Dart              |       |    12 |     8 ||    20
Evoke: Wand              |       |     1 |       ||     1
  Use: Scroll            |       |     3 |     3 ||     6
       Potion            |       |     1 |     1 ||     2
 Stab: Sleeping          |    13 |    13 |     9 ||    35
       Distracted        |       |     1 |       ||     1
Armor: Skin              |       |     4 |     3 ||     7
Dodge: Dodged            |    26 |    42 |    61 ||   129

Table legend: (Time is in decaauts)
 A = Elapsed time spent in this place.
 B = Non-inter-level travel time spent in this place.
 C = Inter-level travel time spent in this place.
 D = Time resting spent in this place.
 E = Time spent auto-exploring this place.
 F = Levels seen in this place.
 G = Mean time per level.
                   A        B        C        D        E       F      G
               +--------+--------+--------+--------+--------+-----+--------+
         Total |   7931 |   7687 |    244 |   1405 |   5462 |   9 |  881.2 |
       Dungeon |   7440 |   7228 |    212 |   1270 |   5241 |   7 | 1062.9 |
        Temple |    243 |    211 |     32 |      0 |    206 |   1 |  243.0 |
        Bailey |    247 |    247 |      0 |    135 |     15 |   1 |  247.0 |
               +--------+--------+--------+--------+--------+-----+--------+

Top non-repeatable levels by time:
     D:5: 1810 daAuts
     D:6: 1337 daAuts
     D:4: 1267 daAuts
     D:3: 1035 daAuts
     D:1: 954 daAuts
     D:2: 699 daAuts
     D:7: 336 daAuts
  Bailey: 247 daAuts
  Temple: 243 daAuts
